 Dungeon Crawl Stone Soup version 0.20.0-15-g7f486f2 (webtiles) character file.

2853 esteth the Geomancer (level 9, -6/51 HPs)
             Began as a Gargoyle Earth Elementalist on June 16, 2017.
             Was a Follower of Vehumet.
             Mangled by a gnoll
             ... wielding a +0 halberd
              (7 damage)
             ... on level 8 of the Dungeon.
             The game lasted 00:28:43 (9299 turns).

esteth the Geomancer (Gargoyle Earth Elementalist)  Turns: 9299, Time: 00:28:44

Health: -6/51      AC:  9    Str: 13    XL:     9   Next: 75%
Magic:  18/18      EV:  7    Int: 18    God:    Vehumet [*.....]
Gold:   188        SH:  0    Dex: 10    Spells: 11/20 levels left

rFire    . . .     SeeInvis .   D - +1 dire flail (protect)
rCold    . . .     Gourm    .   (shield currently unavailable)
rNeg     + . .     Faith    .   c - +0 robe
rPois    ∞         Spirit   .   (no helmet)
rElec    +         Reflect  .   (no cloak)
rCorr    .         Harm     .   (no gloves)
MR       +....                  i - +0 pair of boots
Stlth    ++........             (no amulet)
Regen    0.2/turn               B - ring of protection from magic
MPRegen  0.2/turn               (no ring)

@: held, hasted, very quick
A: negative energy resistance 1, electricity resistance, unbreathing,
petrification resistance, rot immunity, AC +5
a: Renounce Religion


You were on level 8 of the Dungeon.
You worshipped Vehumet.
Vehumet was aware of your devotion.
You were not hungry.

You visited 2 branches of the dungeon, and saw 10 of its levels.
You also visited: Ossuary.

You collected 278 gold pieces.
You spent 90 gold pieces at shops.

Inventory:

Hand Weapons
 g - a +0 club
 t - a +2 flail of holy wrath
 D - a +1 dire flail of protection (weapon)
Missiles
 b - 17 stones (quivered)
Armour
 c - a +0 robe (worn)
 i - a +0 pair of boots (worn)
 p - a +1 leather armour of poison resistance
Jewellery
 A - an uncursed ring of ice
 B - a ring of protection from magic (left hand)
Wands
 l - a wand of polymorph (3/24)
 q - a wand of lightning (7/15)
Scrolls
 s - 3 scrolls of remove curse
 u - a scroll of fog {unknown}
 v - 3 scrolls of identify
 w - a scroll of teleportation {unknown}
 y - 2 scrolls of immolation {unknown}
 G - a scroll of enchant armour {unknown}
 H - a scroll of recharging
 I - a scroll of amnesia
Potions
 f - a potion of haste
 h - 2 potions of agility {unknown}
 k - 3 potions of heal wounds {unknown}
 o - a potion of flight {unknown}
 r - a potion of lignification {unknown}
 x - a potion of might {unknown}
 z - 2 potions of brilliance {unknown}
 C - a potion of degeneration {unknown}
 E - a potion of curing {unknown}
 F - a potion of ambrosia {unknown}
 L - a potion of invisibility {unknown}
Books
 e - a book of Geomancy

   Spells                             Type                      Level
   a - Sandblast                      Earth                        1
   b - Passwall                       Transmutation/Earth          2
   c - Stone Arrow                    Conjuration/Earth            3
   d - Petrify                        Transmutation/Earth          4
   e - Lee's Rapid Deconstruction     Earth                        5
 n - a book of Misfortune

   Spells                             Type                      Level
   a - Confusing Touch                Hexes                        1
   b - Confuse                        Hexes                        3
   c - Gell's Gravitas                Translocation                3
   d - Petrify                        Transmutation/Earth          4
   e - Metabolic Englaciation         Hexes/Ice                    5
   f - Yara's Violent Unravelling     Hexes/Transmutation          5
 K - a book of Changes

   Spells                             Type                      Level
   a - Beastly Appendage              Transmutation                1
   b - Sticks to Snakes               Transmutation                2
   c - Spider Form                    Transmutation/Poison         3
   d - Ice Form                       Ice/Transmutation            4
   e - Blade Hands                    Transmutation                5
Comestibles
 a - 6 royal jellies
 d - 6 bread rations
 j - 2 meat rations
 m - a fruit
 J - 3 chunks of flesh


   Skills:
 + Level 3.2 Fighting
 + Level 2.8 Maces & Flails
 + Level 3.4 Armour
 + Level 3.1 Dodging
 - Level 2.1 Stealth
 + Level 6.2 Spellcasting
   Level 0.7 Transmutations
 + Level 10.8 Earth Magic
 + Level 2.9 Evocations


You had 11 spell levels left.
You knew the following spells:

 Your Spells              Type           Power        Failure   Level  Hunger
a - Sandblast             Erth           #####.       1%          1    None
b - Lee's Rapid Deconstr  Erth           #####.....   3%          5    #####..
c - Stone Arrow           Conj/Erth      ####..       3%          3    ##.....


Dungeon Overview and Level Annotations

Branches:
Dungeon (9/15)             Temple (1/1) D:4
   Lair: D:8-11         Orc: D:9-12

Altars:
Ashenzari
Cheibriados
Dithmenos
Elyvilon
Gozag
Hepliaklqana
Kikubaaqudgha
Makhleb
Nemelex Xobeh
Okawaru
Qazlal
Ru
Trog
Vehumet
Xom
Yredelemnul
Zin
The Shining One

Shops:
D:6 ?((

Annotations:
D:2 Sigmund
D:7 Prince Ribbit


Innate Abilities, Weirdness & Mutations

You are resistant to torment.
Your stone body is resilient. (AC +5)
You are immune to poison.
You resist negative energy. (rN+)
You are resistant to electric shocks. (rElec)
You can survive without breathing.
You are immune to petrification.
You are immune to rotting.


Message History

A gnoll comes into view.
The gnoll shouts!
The gnoll barely misses you.
A gnoll comes into view.
The gnoll throws a throwing net.
The throwing net hits you.
You become entangled in the net!
You see here a throwing net.
You struggle against the net.
The adder bites you but does no damage. The gnoll hits you but does no damage.
You struggle against the net.
The adder bites you but does no damage. The worker ant bites you.
* * * LOW HITPOINT WARNING * * *
The gnoll barely misses you. The bullfrog zombie barely misses you.
You struggle against the net.
The adder bites you.
* * * LOW HITPOINT WARNING * * *
The worker ant bites you but does no damage.
The gnoll hits you with a flail of protection!
* * * LOW HITPOINT WARNING * * *
The gnoll hits you from afar with a halberd!
You die...

#...# #.<.# #...#
#(K.#
########K..######
#....).>.K.......
.........g..g....
...%...KSg..g....
.#######a@.#####
#.Z.# #...# #...#
#...# #..[# ....#
.#.##


You could see a worker ant, 4 gnolls, an adder, a bullfrog zombie and 4 kobolds.

Vanquished Creatures
  The ghost of ZomBoFoB the Basher, a novice OgGl (D:6)
  A hippogriff (D:7)
  Edmund (D:6)
  A sky beast (D:6)
  A black bear (D:6)
  3 phantoms
  2 ogres (D:6)
  The ghost of Terandir the Magician, an amateur DEEE (D:3)
  A bullfrog (D:7)
  An electric eel (D:7)
  3 howler monkeys
  4 crimson imps
  A bullfrog zombie (D:6)
  A hound (D:6)
  3 orc priests
  A jelly (D:5)
  8 orc wizards
  An iguana (D:4)
  5 worker ants
  A hound skeleton (D:6)
  4 hound zombies
  3 mummies (Ossuary)
  13 gnolls
  A howler monkey skeleton (D:4)
  11 adders
  2 oozes
  An adder zombie (D:5)
  2 adder skeletons
  5 worms
  2 dart slugs
  7 leopard geckos
  15 orcs
  4 giant cockroaches
  6 goblins
  10 hobgoblins
  3 jackals (D:5)
  3 quokkas
  A ball python (D:4)
  7 bats
  8 frilled lizards
  8 kobolds
  A leopard gecko zombie (Ossuary)
  A quokka skeleton (D:4)
  8 rats
167 creatures vanquished.

Notes
Turn   | Place    | Note
-------+----------+-------------------------------------------
     0 | D:1      | esteth the Gargoyle Earth Elementalist began the quest for the Orb.
     0 | D:1      | Reached XP level 1. HP: 10/10 MP: 3/3
   221 | D:1      | Reached skill level 4 in Earth Magic
   483 | D:1      | Reached XP level 2. HP: 11/15 MP: 5/5
  1176 | D:1      | Reached skill level 5 in Earth Magic
  1176 | D:1      | Reached XP level 3. HP: 15/19 MP: 6/6
  2375 | D:2      | Reached XP level 4. HP: 22/24 MP: 0/7
  2410 | D:2      | Found a basalt altar of Yredelemnul.
  2501 | D:2      | Noticed Sigmund
  2772 | D:2      | Reached skill level 6 in Earth Magic
  3373 | D:3      | Noticed Terandir's ghost (amateur DEEE)
  3394 | D:3      | Killed Terandir's ghost
  3394 | D:3      | Reached skill level 7 in Earth Magic
  3394 | D:3      | Reached XP level 5. HP: 18/28 MP: 1/8
  3521 | D:3      | Learned a level 5 spell: Lee's Rapid Deconstruction
  3936 | D:3      | Found a sparkling altar of Nemelex Xobeh.
  3939 | D:3      | Found a shattered altar of Ashenzari.
  3949 | D:3      | Found a stormy altar of Qazlal.
  4258 | D:3      | Reached XP level 6. HP: 15/32 MP: 2/9
  4474 | D:3      | Reached skill level 8 in Earth Magic
  4779 | D:4      | Noticed a phantom
  4787 | D:4      | Killed a phantom
  4840 | D:4      | Found an iron altar of Okawaru.
  4880 | D:4      | Noticed a phantom
  4890 | D:4      | Reached skill level 9 in Earth Magic
  4892 | D:4      | Killed a phantom
  4892 | D:4      | Reached XP level 7. HP: 36/36 MP: 5/10
  5106 | D:4      | Reached skill level 10 in Earth Magic
  5764 | D:4      | Found a staircase to the Ecumenical Temple.
  5780 | Temple   | Entered the Ecumenical Temple
  5807 | Temple   | Became a worshipper of Vehumet
  5989 | D:5      | Entered Level 5 of the Dungeon
  6103 | D:5      | Found a glowing golden altar of the Shining One.
  6543 | D:5      | Learned a level 3 spell: Stone Arrow
  6621 | D:5      | Found a sand-covered staircase.
  6638 | D:5      | Reached XP level 8. HP: 35/41 MP: 13/13
  6646 | Ossuary  | Entered an ossuary
  7274 | D:5      | Reached skill level 5 in Spellcasting
  7532 | D:6      | Found Uwkutal's Magic Scroll Shop.
  7540 | D:6      | Noticed Edmund
  7554 | D:6      | Killed Edmund
  7575 | D:6      | Bought a scroll of enchant weapon for 90 gold pieces
  7733 | D:6      | Noticed ZomBoFoB's ghost (novice OgGl)
  7736 | D:6      | Reached skill level 1 in Evocations
  7751 | D:6      | Killed ZomBoFoB's ghost
  7751 | D:6      | Reached skill level 1 in Maces & Flails
  7751 | D:6      | Reached XP level 9. HP: 7/48 MP: 6/17
  8022 | D:6      | Found Jaud's Jewellery Boutique.
  8062 | D:6      | Reached * piety under Vehumet
  8062 | D:6      | Offered knowledge of Freeze by Vehumet.
  8454 | D:6      | Found a shimmering altar of Xom.
  8616 | D:6      | Found Woaqauka's Weapon Shop.
  8774 | D:6      | Found Usixoen's Antique Weapon Emporium.
  8849 | D:7      | Noticed Prince Ribbit
  9299 | D:8      | HP: 1/51 [gnoll/flail of protection (7)]
  9299 | D:8      | Mangled by a gnoll

Skill      XL: |  1  2  3  4  5  6  7  8  9 |
---------------+----------------------------+-----
Earth Magic    | 4 5 7 9 10 | 10.8
Spellcasting   | 3 5 6 |  6.2
Evocations     | 1 2 |  2.9
Fighting       | 2 3 |  3.2
Maces & Flails | 1 2 |  2.8
Armour         | 2 3 |  3.4
Dodging        | 2 3 |  3.1
Stealth        | |  2.1
Transmutations | |  0.7

Action                   |  1- 3 |  4- 6 |  7- 9 || total
-------------------------+-------+-------+-------++-------
Melee: Unarmed           |    71 |       |       ||    71
       Club              |   129 |   166 |       ||   295
       Flail             |       |    41 |   100 ||   141
       Dire flail        |       |       |   141 ||   141
 Cast: Sandblast         |    18 |    51 |    50 ||   119
       Lee's Rapid Decon |       |       |    14 ||    14
  Use: Scroll            |     4 |     3 |     6 ||    13
       Potion            |       |     1 |     2 ||     3
 Stab: Sleeping          |     6 |       |     1 ||     7
       Distracted        |     1 |       |       ||     1
  Eat: Chunk             |     3 |     9 |    19 ||    31
       Royal jelly       |     1 |       |       ||     1
Armor: Robe              |    69 |   101 |   118 ||   288
Dodge: Dodged            |   167 |   176 |   182 ||   525
